 Dungeon Crawl Stone Soup version 0.29.1-15-g9cfb28693d (console) character file.

Game seed: 12051514951456880850

52 matvey144 the Covered (level 3, 0/29 (33) HPs)
             Began as a Minotaur Fighter on Apr 25, 2023.
             Slain by an orc priest
             ... wielding a +0 whip
              (3 damage)
             ... on level 3 of the Dungeon on Apr 28, 2023.
             The game lasted 00:04:45 (1387 turns).

matvey144 the Covered (Minotaur Fighter)            Turns: 1387, Time: 00:04:46

HP:   0/29 (33)     AC:  7    Str: 22    XL:     3   Next: 60%
MP:   2/2           EV:  9    Int:  5    God:
Gold: 128           SH:  4    Dex:  9    Spells: 2/2 levels left

rFire   . . .      SeeInvis .   a - +0 war axe
rCold   . . .      Faith    .   c - +0 buckler
rNeg    . . .      Spirit   .   b - +0 scale mail
rPois   .          Reflect  .   (helmet restricted)
rElec   .          Harm     .   (no cloak)
rCorr   .          Rampage  .   (no gloves)
Will    .....                   (no boots)
Stlth   ..........              (no amulet)
HPRegen 0.09/turn               (no ring)
MPRegen 0.08/turn               (no ring)

@: mighty, heavily drained
A: horns 2, retaliatory headbutt
a: no special abilities


You were on level 3 of the Dungeon.
You visited 1 branch of the dungeon, and saw 3 of its levels.

You collected 156 gold pieces.
You spent 28 gold pieces at shops.

Inventory:

Hand Weapons
 a - a +0 war axe (weapon)
Missiles
 e - 6 curare-tipped darts (quivered)
Armour
 b - a +0 scale mail (worn)
 c - a +0 buckler (worn)
 g - an orb of light
Jewellery
 h - an amulet of faith
Scrolls
 f - a scroll of magic mapping {unknown}
 j - a scroll of blinking {unknown}
 k - a scroll of fear {unknown}
 l - a scroll of enchant armour {unknown}
 m - a scroll of identify
Potions
 i - a potion of heal wounds {unknown}


   Skills:
 + Level 4.1 Fighting
 * Level 3.6 Axes
 + Level 4.1 Armour
 + Level 4.1 Shields


You had 2 spell levels left.
You didn't know any spells.
Your spell library contained the following spells:

 Spells                   Type           Power      Damage    Failure   Level
 Sublimation of Blood     Necr           0%         N/A       95%         2
 Wereblood                Tmut           0%         N/A       95%         2
 Portal Projectile        Hex/Tloc       0%         N/A       99%         3
 Tukima's Dance           Hex            0%         N/A       99%         3
 Blade Hands              Tmut           0%         N/A       100%        5
 Iskenderun's Battlesphe  Conj           0%         2d6       100%        5
 Iron Shot                Conj/Erth      0%         9d1       100%        6
 Spellforged Servitor     Conj/Summ      0%         N/A       100%        7
 Summon Hydra             Summ           0%         N/A       100%        7


Dungeon Overview and Level Annotations

Branches:
Dungeon (3/15)

Altars:

Shops:
D:3 ?


Innate Abilities, Weirdness & Mutations

You have a pair of horns on your head.
You reflexively headbutt those who attack you in melee.


Message History

m - a scroll of identify Thank you for shopping at Ucest's Magic Scroll Shop!
HP restored.
An orc priest and an orc come into view.
The orc is wielding a +1 dagger of draining.
Found a stone staircase leading down.
The orc priest shouts!
The orc shouts!
An orc comes into view. It is wielding a +0 hand axe.
Found 4 gold pieces.
An orc priest comes into view. It is wielding a +0 short sword.
Found a twisted copper wand.
The orc priest shouts!
Found a glowing bronze ring.
The orc priest mumbles some strange prayers to Beogh against you.
Beogh smites you!
Ouch! That really hurt!
You feel very mighty all of a sudden.
The orc hits you with a +1 dagger of draining.
You feel drained. The orc priest barely misses you.
The orc hits you with a +0 hand axe.
* * * LOW HITPOINT WARNING * * *
You hit the orc priest.
The orc priest is lightly wounded.
You barely miss the orc. You slash the orc!
You kill the orc!
The orc hits you but does no damage.
You feel drained.
The orc priest calls upon Beogh to heal the orc priest.
The orc priest's wounds heal themselves!
You closely miss the orc priest. Your headbutt misses the orc priest.
You barely miss the orc.
The orc hits you with a +1 dagger of draining.
* * * LOW HITPOINT WARNING * * *
You feel drained. The orc priest hits you with a +0 whip.
* * * LOW HITPOINT WARNING * * *
Unknown command.
You slash the orc priest!
The orc priest is almost dead.
You barely miss the orc. The orc barely misses you.
The orc priest hits you with a +0 whip.
You die...

........#.# ..........#
..#
..........###########..#
........................
....................../.
........................
.....................$..
.............###o)......
........####....@o.....=
∩.....### #####o..#..##
.###### ##...>.. ##
##....# ..#.# ...# ###


You could see 2 orc priests and an orc.

Vanquished Creatures
  An adder (D:2)
  A worm (D:2)
  2 orcs (D:3)
  An endoplasm (D:2)
  A giant cockroach (D:2)
  4 goblins
  7 hobgoblins
  4 kobolds
  A quokka (D:1)
  2 ball pythons (D:2)
  3 bats
  4 frilled lizards
  5 rats
36 creatures vanquished.

Notes
Turn   | Place    | Note
-------+----------+-------------------------------------------
     0 | D:1      | matvey144 the Minotaur Fighter began the quest for the Orb.
     0 | D:1      | Reached XP level 1. HP: 19/19 MP: 0/0
   489 | D:1      | Reached XP level 2. HP: 26/27 MP: 1/1
   966 | D:2      | Reached XP level 3. HP: 33/33 MP: 2/2
  1333 | D:3      | Found Ucest's Magic Scroll Shop.
  1347 | D:3      | Bought a scroll of identify for 28 gold pieces
  1387 | D:3      | Slain by an orc priest

Illustrated notes

Levels and vault maps discovered:
D:1:      heliophobic_arrival_glass_houses, layout_basic
D:2:      layout_rooms
D:3:      layout_rooms, hellmonk_ecumenical_altar_lost_god, serial_curves,
          eino_curves_04, eino_curves_02, eino_curves_04, eino_curves_02,
          serial_shops, nicolae_diamond_shop, nicolae_shop_hallway_stairs,
          nicolae_lakefront_shop, shop, nicolae_shop_behind_doors

Skill      XL: |  1  2  3 |
---------------+----------+-----
Axes           | 3 |  3.6
Armour         | 4 |  4.1
Fighting       | 4 |  4.1
Shields        | 4 |  4.1

Action                   || total
-------------------------++-------
Melee: War axe           ||    79
       Headbutt          ||     7
  Use: Potion            ||     1
Armor: Scale mail        ||    37
Dodge: Dodged            ||    41
Block: Buckler           ||    20
